AoeStats
← QNCMLT

MegaRandom

507020038Analyzed
2v2 RM · 16d ago on Sep 16, 2026· 21m 54s· 4 players
Game mode
Random Map
Map size
Medium (4 player)
Population
200
Speed
Normal
Resources
Standard
Victory
Conquest
Starting age
Dark Age
Ending age
Imperial Age
RankedLock teamsTeams togetherTeam positionsShared explorationLock speedFull tech treeHidden civsTurbo modeCheats
Victory
Defeat
🇬🇪 Ethiopians · Georgia
502
+26
🇸🇰 Portuguese · Slovakia
316
+26
🇨🇳 Byzantines · China
631
-25
🇨🇳 Vikings · China
526
-21
QNCMLT
JoelReagan
0:43 Loom
Eresya
2:07 Loom
14:47 Feudal Age
15:11 Horse Collar
15:19 Double-Bit Axe
16:06 Fishing Lines
16:14 Man-at-Arms
19:36 Wheelbarrow
b.sadowski
13:29 Feudal Age
21:46 Castle Age
19:55 Horse Collar
20:06 Double-Bit Axe
20:34 Fishing Lines
21:05 Gold Mining
Connection lost

Rejoining the realm…

Still unreachable

The connection could not be restored.

Session expired

The server has moved on; the page needs a fresh start.